Map: Capullo de rosa EE

Players

MrFercho

  • Race: Terran Terran
  • League: Silver
  • Spawn Location: 11:00

TATORREA

  • Race: Protoss Protoss
  • League: Silver
  • Spawn Location: 11:00

tigro

  • Race: Terran Terran
  • League: Bronze
  • Spawn Location: 11:00

Niko - Winner!

  • Race: Protoss Protoss
  • League: Silver
  • Spawn Location: 5:00

Sandunga - Winner!

  • Race: Terran Terran
  • Spawn Location: 5:00

Ferran - Winner!

  • Race: Terran Terran
  • Spawn Location: 5:00

VOD

Have the link to the VOD?

Description

Time

  • Played on: June 1, 2020, 9:29 p.m.
  • Length: 10:32
Show
View Real Time Build Order
Export as new Build Order

MrFercho Terran 

Build Orders: Command Center First (CC) 

Get SALT Encoding   

  12  0:01  SCV  
  13  0:19  SCV  
  14  0:31  SCV  
  15  0:52  Command Center  
  15  1:01  Supply Depot  
  15  1:30  Refinery  
  15  1:33  Refinery  
  15  1:41  Barracks  
  15  2:12  SCV  
  16  2:19  Refinery  
  16  2:24  SCV  
  17  2:36  SCV  
  18  3:29  Barracks Reactor  
  18  3:30  Factory  
  18  3:33  SCV  
  19  3:45  SCV  
  20  3:50  Engineering Bay  
  20  3:57  SCV  
  21  4:09  SCV  
  22  4:21  SCV, Widow Mine  
  25  4:42  Supply Depot, Widow Mine  
  25  4:44  Orbital Command  
  27  4:48  Orbital Command  
  27  5:04  Widow Mine  
  27  5:05  Supply Depot  
  29  5:17  Starport  
  29  5:25  Widow Mine  
  31  5:32  Starport  
  31  5:46  Widow Mine  
  33  5:52  SCV x2  
  35  6:04  SCV x2  
  35  6:11  Refinery  
  37  6:16  SCV x2  
  39  6:19  Starport Reactor x2  
  39  6:28  SCV x2, Factory  
  39  6:29  Factory Reactor  
  41  6:36  Refinery  
  41  6:40  SCV  
  41  6:41  SCV  
  43  6:57  Viking  
  43  6:58  Viking x3  
  51  7:19  SCV x2  
  53  7:31  SCV  
  54  7:55  SCV x2  
  54  8:08  Viking  
  54  8:09  SCV x2  
  52  8:21  SCV x2  
  52  8:23  Supply Depot x2  
  52  8:24  Supply Depot  
  50  8:33  SCV  
  45  8:42  Widow Mine  
  45  8:43  Widow Mine x2  
  51  8:49  Viking  
  51  8:50  Viking x3  
  59  9:03  Missile Turret  
  59  9:04  Widow Mine x3  
  65  9:19  Viking  
  65  9:20  Viking x3  
  65  9:23  Missile Turret  
  73  9:25  Widow Mine  
  73  9:26  Widow Mine x2  
  79  9:45  Missile Turret  
  79  9:47  Widow Mine x3  
  85  9:53  Viking  
  85  9:55  Viking  
  81  10:09  Widow Mine  
Show
View Real Time Build Order
Export as new Build Order

TATORREA Protoss 

Build Orders:  

Get SALT Encoding   

  12  0:01  Probe  
  13  0:21  Probe  
  14  0:31  Pylon  
  14  0:33  Probe  
  15  0:49  Probe  
  16  1:01  Probe  
  17  1:10  Gateway  
  17  1:13  Probe, Gateway  
  18  1:30  Probe  
  18  1:32  Assimilator  
  19  1:43  Probe  
  20  1:55  Probe  
  21  2:11  Zealot  
  22  2:57  Probe, Pylon  
  23  3:01  Pylon  
  23  3:06  Nexus  
  23  3:15  Probe, Zealot  
  26  3:27  Probe  
  27  3:39  Probe, Zealot  
  30  3:42  Zealot  
  30  3:43  Cybernetics Core  
  32  4:05  Assimilator  
  32  4:13  Probe  
  33  4:19  Warp Gate (Chrono Boost)  
  33  4:23  Stalker  
  33  4:24  Stalker  
  37  4:36  Probe x2  
  39  4:48  Pylon  
  39  4:49  Probe x2  
  39  4:50  Pylon  
  41  4:55  Pylon  
  41  5:00  Stalker x2  
  41  5:04  Probe  
  41  5:05  Probe  
  47  5:12  Twilight Council  
  47  5:13  Robotics Facility  
  47  5:16  Gateway  
  47  5:20  Probe, Gateway  
  48  5:23  Probe  
  49  5:33  Probe  
  51  5:35  Probe  
  51  5:47  Gateway  
  51  5:49  Gateway  
  51  5:51  Probe  
  51  5:52  Probe  
  51  5:53  Forge  
  53  6:00  Assimilator  
  53  6:04  Probe x2  
  54  6:06  Observer  
  56  6:16  Probe x2  
  58  6:20  Assimilator  
  58  6:27  Warp Prism  
  58  6:29  Probe x2  
  54  6:41  Probe  
  54  6:45  Stalker  
  54  6:46  Stalker x2  
  54  6:47  Stalker x2  
  55  7:20  Stalker  
  55  7:21  Stalker x3  
  55  7:22  Stalker x2  
  67  7:25  Protoss Ground Weapons Level 1  
  67  7:27  Charge  
  65  8:04  Immortal  
  55  8:12  Cybernetics Core  
  55  8:19  Zealot x3  
  57  8:20  Zealot  
  47  9:01  Stalker  
  47  9:02  Stalker  
  51  9:18  Immortal  
  51  9:37  Zealot  
Show
View Real Time Build Order
Export as new Build Order

tigro Terran 

Build Orders:  

Get SALT Encoding   

  12  0:03  SCV  
  13  0:18  SCV, Supply Depot  
  14  0:29  Refinery  
  14  0:30  SCV  
  15  0:42  SCV  
  16  0:53  Barracks  
  16  0:56  SCV  
  17  1:08  SCV, Refinery  
  18  1:49  Marine  
  19  2:07  Marine  
  20  2:23  Barracks  
  20  2:25  Marine  
  21  2:40  SCV  
  21  2:43  Marine  
  23  2:50  Supply Depot  
  23  3:11  SCV, Marine  
  25  3:17  Engineering Bay  
  25  3:23  SCV  
  26  3:33  Barracks Tech Lab  
  26  3:35  SCV, Barracks Tech Lab  
  27  3:48  SCV  
  28  3:50  Factory  
  28  3:54  Stimpack  
  28  3:56  Combat Shield  
  28  4:00  SCV  
  29  4:29  Terran Infantry Weapons Level 1  
  29  4:34  Command Center  
  29  4:40  Orbital Command  
  29  4:52  Factory Tech Lab  
  29  5:01  Marine x2  
  29  5:02  Refinery  
  31  5:20  Marine x2, Siege Tank  
  36  5:34  Concussive Shells  
  36  5:52  Widow Mine  
  38  6:02  Starport  
  38  6:12  Planetary Fortress  
  38  6:20  Refinery  
  38  6:23  Terran Infantry Armor Level 1  
  28  7:00  Medivac  
  26  7:02  Marine  
  26  7:03  Marine  
  28  7:20  Marine x2  
  30  7:27  Armory  
  30  7:38  Marine x2  
  30  7:41  SCV  
  33  7:51  Missile Turret  
  33  7:53  SCV  
  33  7:56  Marine x2  
  36  8:04  Medivac  
  38  8:07  Siege Tank  
  38  8:11  Missile Turret  
  41  8:14  Marine x2  
  41  8:17  Fusion Core, Hi-Sec Auto Tracking  
  35  8:39  Siege Tank  
  30  9:21  Marauder  
  30  9:22  Marauder  
  32  9:43  Marauder x2  
  35  10:04  Marauder x2  
Show
View Real Time Build Order
Export as new Build Order

Niko Protoss - Winner!

Build Orders: Carriers, Carrier Rush 

Get SALT Encoding   

  12  0:03  Probe  
  13  0:15  Probe  
  14  0:24  Pylon  
  14  0:27  Probe  
  15  0:35  Assimilator  
  15  0:42  Probe (Chrono Boost)  
  16  0:51  Probe (Chrono Boost)  
  16  0:54  Gateway  
  16  0:56  Probe (Chrono Boost)  
  18  1:08  Probe  
  18  1:10  Pylon  
  19  1:20  Probe  
  20  1:32  Probe (Chrono Boost)  
  21  1:37  Assimilator  
  21  1:44  Probe (Chrono Boost)  
  22  1:47  Cybernetics Core  
  22  1:49  Probe (Chrono Boost)  
  22  1:58  Probe  
  23  2:10  Probe  
  24  2:17  Nexus  
  24  2:23  Probe (Chrono Boost)  
  24  2:27  Stargate  
  25  2:35  Probe (Chrono Boost)  
  26  2:43  Probe (Chrono Boost)  
  27  2:57  Probe  
  28  3:09  Probe  
  29  3:15  Fleet Beacon  
  29  3:21  Probe  
  30  3:33  Probe  
  31  3:35  Stargate  
  31  3:44  Assimilator  
  31  3:49  Assimilator  
  31  4:01  Probe  
  32  4:21  Zealot  
  40  4:24  Carrier (Chrono Boost)  
  40  4:34  Probe, Protoss Air Weapons Level 1 (Chrono Boost)  
  41  4:44  Pylon  
  41  4:49  Probe (Chrono Boost), Pylon  
  42  4:53  Pylon  
  42  4:55  Pylon  
  42  4:57  Carrier (Chrono Boost)  
  42  4:59  Pylon  
  43  5:01  Probe (Chrono Boost)  
  43  5:05  Probe (Chrono Boost)  
  50  5:14  Stargate  
  50  5:16  Probe  
  50  5:17  Pylon  
  51  5:28  Probe  
  52  5:40  Carrier  
  52  5:42  Probe  
  59  5:44  Probe  
  59  5:49  Forge  
  60  5:56  Probe  
  61  6:03  Carrier  
  67  6:16  Carrier  
  73  6:18  Probe  
  74  7:12  Carrier x2  
  74  7:14  Probe  
  87  7:18  Photon Cannon  
  87  7:21  Pylon, Photon Cannon  
  87  7:26  Probe  
  82  8:14  Carrier  
  82  8:16  Carrier x2  
  100  9:00  Nexus  
  100  9:02  Pylon  
  100  9:05  Pylon  
  100  9:19  Photon Cannon  
  100  9:21  Photon Cannon  
  100  9:22  Cybernetics Core  
Show
View Real Time Build Order
Export as new Build Order

Sandunga Terran - Winner!

Build Orders:  

Get SALT Encoding   

  12  0:01  SCV  
  13  0:13  SCV  
  14  0:18  Supply Depot  
  14  0:27  SCV  
  15  0:40  Barracks  
  15  0:45  SCV  
  16  0:56  Refinery  
  16  0:57  SCV  
  17  1:06  Barracks  
  17  1:09  SCV  
  18  1:21  SCV  
  19  1:31  Supply Depot, Marine  
  20  1:45  SCV  
  21  1:53  Marine  
  22  1:59  Marine  
  23  2:01  Orbital Command  
  23  2:13  Marine  
  24  2:34  Command Center  
  24  2:50  Marine x2  
  26  3:00  Bunker  
  26  3:08  Marine  
  26  3:09  Marine  
  28  3:18  SCV  
  28  3:19  Factory  
  29  3:20  Barracks  
  29  3:28  Marine x2  
  31  3:36  Supply Depot  
  31  3:41  Engineering Bay  
  31  3:46  SCV  
  32  3:51  Marine  
  32  3:52  Marine  
  34  3:58  Refinery  
  34  4:15  Orbital Command  
  34  4:17  Missile Turret  
  34  4:20  Factory Tech Lab  
  34  4:31  Bunker  
  34  4:42  Marine x2  
  36  4:47  Siege Tank  
  36  4:52  Terran Infantry Weapons Level 1  
  39  4:54  Starport, Barracks Tech Lab  
  39  4:59  SCV x2  
  41  5:11  Refinery  
  41  5:15  Barracks  
  41  5:30  Bunker  
  41  5:36  SCV  
  41  5:37  SCV  
  41  5:41  Medivac  
  45  5:46  Siege Tank  
  45  5:49  SCV x2  
  50  6:01  SCV x2  
  50  6:02  Supply Depot  
  52  6:04  Marine x2  
  52  6:11  Supply Depot  
  54  6:24  SCV, Marauder, Marine, Siege Tank  
  54  6:57  Marine x3  
  54  6:58  Marine  
  58  7:14  Siege Tank  
  58  7:15  Liberator  
  61  7:16  Marauder  
  66  7:27  SCV x2  
  68  7:38  Marauder  
  70  7:45  Command Center  
  70  7:47  Bunker  
  70  8:07  SCV  
  70  8:19  SCV  
  70  8:32  Marine x3  
  70  8:40  Barracks x2  
  70  8:41  Supply Depot  
  70  8:42  Supply Depot  
  70  8:48  Marine  
  70  8:49  Marine  
  70  8:51  Marine  
  70  8:57  Factory, Siege Tank  
  73  9:06  Marine  
  73  9:07  Marauder, Marine  
  73  9:09  Marine  
  78  9:24  Marine  
  78  9:25  Marine  
  78  9:28  Marauder  
  78  9:29  Planetary Fortress  
  82  9:32  Missile Turret  
  82  9:33  Marine  
  82  9:36  Missile Turret  
  83  9:40  Starport Reactor, Marine x2  
  83  9:42  Marine  
  83  9:43  Marine  
  83  9:45  Siege Tank  
  90  9:49  Marine  
  90  9:51  Marine  
  92  10:07  Marauder  
Show
View Real Time Build Order
Export as new Build Order

Ferran Terran - Winner!

Build Orders:  

Get SALT Encoding   

  12  0:01  SCV  
  13  0:13  SCV  
  14  0:21  Supply Depot  
  14  0:30  Refinery  
  14  0:37  SCV  
  15  0:45  Barracks  
  15  0:56  Supply Depot  
  15  1:02  SCV  
  16  1:18  Barracks  
  16  1:34  SCV  
  16  1:37  Marine  
  18  1:48  Orbital Command  
  18  1:55  Marine  
  19  2:07  Engineering Bay  
  19  2:22  Barracks Reactor  
  19  2:24  Barracks Tech Lab  
  19  2:31  Factory  
  19  2:44  Refinery  
  19  2:59  Marine x2  
  19  3:01  Marine  
  22  3:17  Marine x2  
  24  3:20  Starport  
  24  3:32  SCV  
  25  3:41  Factory Tech Lab  
  25  3:43  Marine x3  
  25  3:44  SCV  
  29  3:49  Stimpack  
  29  4:05  Sensor Tower  
  29  4:12  Supply Depot  
  29  4:40  Command Center  
  29  4:45  Siege Tank  
  32  4:49  Marine x2  
  32  4:51  Marauder  
  36  5:10  Starport Reactor, Bunker  
  36  5:17  Marine x2  
  38  5:26  Supply Depot  
  38  5:29  Combat Shield  
  38  5:38  Marine  
  39  5:44  Supply Depot  
  39  5:47  Marine  
  39  5:48  Marauder  
  42  5:59  Orbital Command  
  42  6:09  Missile Turret, Marauder  
  44  6:18  Medivac  
  46  6:26  Medivac  
  48  6:48  Liberator  
  51  6:56  Liberator  
  51  7:00  Marine x2  
  58  7:01  Marauder  
  58  7:07  Cyclone  
  61  7:35  Liberator  
  54  8:23  Medivac  
  54  8:24  Medivac  
  38  8:40  Marine  
  38  8:41  Marine x2  
  32  8:58  Marine x2  
  32  8:59  Marine  
  35  9:04  Cyclone  
  35  9:05  Liberator  
  41  9:16  Marine x2  
  43  9:36  Cyclone  
Tags
 
Add a new tag
Caveats
  • Supply blocks, unpowered buildings, or Contaminate may cause inaccurate times.
  • Supply counts are checked every 10 seconds.